 Dungeon Crawl Stone Soup version 0.25.0-15-gac7dcb8919 (webtiles) character file.

Game seed: 17042385424709157185

134 lepoulpe303 the Insei (level 4, -1/35 HPs)
             Began as a Draconian Transmuter on June 29, 2020.
             Slain by a gnoll
             ... wielding a +0 flail
              (13 damage)
             ... on level 3 of the Dungeon.
             The game lasted 00:10:06 (3204 turns).

lepoulpe303 the Insei (Draconian Transmuter)        Turns: 3204, Time: 00:10:06

Health: -1/35      AC:  5    Str: 12    XL:     4   Next: 95%
Magic:  6/8        EV: 12    Int: 14    God:
Gold:   169        SH:  0    Dex: 12    Spells: 2/8 levels left

rFire    . . .     SeeInvis .     - Unarmed
rCold    . . .     Gourm    .   (no shield)
rNeg     . . .     Faith    .   (armour unavailable)
rPois    .         Spirit   .   (helmet restricted)
rElec    .         Reflect  .   (no cloak)
rCorr    .         Harm     .   (no gloves)
MR       .....                  (boots currently unavailable)
Stlth    ++........             (no amulet)
HPRegen  0.11/turn              m - ring of stealth {Stlth+}
MPRegen  0.11/turn              (no ring)

@: appendage, very slightly contaminated
A: unfitting armour, talons 3, cold-blooded, AC +5
a: End Transformation


You were on level 3 of the Dungeon.
You were not hungry.
You had grown temporary talons.
You visited 1 branch of the dungeon, and saw 3 of its levels.

You collected 169 gold pieces.

Inventory:

Missiles
 Q - 10 arrows
Jewellery
 m - a ring of stealth (left hand) {Stlth+}
Scrolls
 b - a scroll of blinking {unknown}
 c - 3 scrolls of enchant armour {unknown}
 f - a scroll of fog {unknown}
 h - a scroll of amnesia {unknown}
 i - a scroll of identify
 k - 2 scrolls of remove curse {unknown}
 l - a scroll of noise {unknown}
 o - a scroll of magic mapping {unknown}
 p - a scroll of enchant weapon {unknown}
Potions
 a - a potion of haste {unknown}
 d - 2 potions of lignification {!q}
 g - a potion of ambrosia {unknown}
 j - a potion of berserk rage {unknown}
Comestibles
 e - 5 rations
 n - a chunk of flesh


   Skills:
 - Level 1.4 Fighting
 - Level 1.9 Dodging
 - Level 3.4 Unarmed Combat
 + Level 2.7 Spellcasting
 * Level 3.3 Transmutations
 * Level 2.1 Poison Magic


You had 2 spell levels left.
You knew the following spells:

 Your Spells              Type           Power        Failure   Level  Hunger
a - Beastly Appendage     Tmut           ##....       5%          1    #......
c - Spider Form           Tmut/Pois      #.........   22%         3    ###....
s - Sticks to Snakes      Tmut           ##......     9%          2    ###....

Your spell library contained the following spells:

 Spells                   Type           Power        Failure   Level  Hunger
 Ice Form                 Ice/Tmut       #.......     73%         4    #####..
 Blade Hands              Tmut           ##........   83%         5    ######.


Dungeon Overview and Level Annotations

Branches:
Dungeon (3/15)

Altars:


Innate Abilities, Weirdness & Mutations

Your plain brown scales are hard. (AC +5)
You cannot fit into any form of body armour.
You are cold-blooded and may be slowed by cold attacks.
You have claws for feet.


Message History

You take 1 damage, and have 22/35 hp.
You now have 6/8 mp.
A gnoll comes into view. It is wielding a +0 flail.
Things that are here:
a +0 halberd; a gnoll corpse You barely miss the gnoll.
The gnoll shouts!
You hit the gnoll but do no damage. The gnoll hits you but does no damage.
The gnoll hits you with a +0 flail.
* * * LOW HITPOINT WARNING * * *
You take 3 damage, and have 19/35 hp.
You closely miss the gnoll. You tail-slap the gnoll.
The gnoll hits you but does no damage.
You completely miss the gnoll. The gnoll barely misses you.
The gnoll hits you but does no damage.
The gnoll hits you from afar with a +0 spear!
* * * LOW HITPOINT WARNING * * *
You see here a +0 flail.
You take 7 damage, and have 12/35 hp.
You closely miss the gnoll. The gnoll hits you with a +0 flail!
You die...

.......## #.....
###.....## ....
##.......## ....
#.........# ...
'......)..+ ..#
#....(....# #.#
##.......## #.#
##.....##
#######.### ##...##
#....@gg..#
##'######.#####.#.#
#.##...#.# #.#.#
#.#......# ..# #
###........# ###
##..........#
##.............
#...........####
.....)##......


You could see 2 gnolls.

Levels and vault maps discovered:
D:1:      matt_arrival_debris, layout_loops_ring
D:2:      layout_basic, minmay_octomino_c4, uniq_jessica
D:3:      minmay_spotlight, layout_loops_corners

Notes
Turn   | Place    | Note
-------+----------+-------------------------------------------
     0 | D:1      | lepoulpe303 the Draconian Transmuter began the quest for
                  | the Orb.
     0 | D:1      | Reached XP level 1. HP: 16/16 MP: 3/3
    26 | D:1      | Identified a +0 dagger
    39 | D:1      | Identified a +0 dagger
   450 | D:1      | Identified a +0 dagger
   456 | D:1      | Reached XP level 2. HP: 22/23 MP: 3/5
   478 | D:1      | Learned a level 2 spell: Sticks to Snakes
   682 | D:1      | Identified a +0 club
  1099 | D:1      | Identified 2 scrolls of identify
  1099 | D:1      | Identified 2 potions of lignification
  1184 | D:2      | Identified a +0 club
  1411 | D:2      | Reached XP level 3. HP: 28/28 MP: 6/6
  1415 | D:2      | Identified a +0 whip
  1415 | D:2      | Identified a +0 short sword
  1513 | D:2      | Learned a level 3 spell: Spider Form
  1582 | D:2      | Identified a cursed +0 ring mail
  1662 | D:2      | Identified a +0 club
  1662 | D:2      | Identified an uncursed ring of stealth
  1906 | D:2      | Reached skill level 1 in Poison Magic
  2005 | D:2      | Identified a +0 dagger of venom
  2023 | D:2      | Identified a +0 hunting sling
  2045 | D:2      | Identified a +0 whip
  2067 | D:2      | Identified a +0 club
  2076 | D:2      | Identified a +0 club
  2078 | D:2      | Identified a +0 short sword
  2268 | D:2      | Identified a +0 short sword
  2286 | D:2      | Reached XP level 4. HP: 22/35 MP: 7/7
  2583 | D:2      | Identified a +0 dagger
  2583 | D:2      | Identified a +2 robe of fire resistance
  2583 | D:2      | Noticed Jessica
  2591 | D:2      | Killed Jessica
  2591 | D:2      | Reached skill level 3 in Transmutations
  2745 | D:3      | Identified a +0 club
  2748 | D:3      | Identified a +0 short sword
  2869 | D:3      | Identified a +0 club
  2871 | D:3      | Identified a +0 scale mail
  2964 | D:3      | Identified a cursed -2 club
  2964 | D:3      | Identified a +0 hunting sling
  3073 | D:3      | Identified a +0 flail
  3074 | D:3      | Identified a +0 halberd
  3083 | D:3      | Reached skill level 2 in Poison Magic
  3195 | D:3      | Identified a +0 spear
  3198 | D:3      | Identified a +0 flail
  3204 | D:3      | Slain by a gnoll

Table legend:
 A = Turns spent in this place as a percentage of turns spent in the entire game.
 B = Non-inter-level travel turns spent in this place as a percentage of non-inter-level travel turns spent in the entire game.
 C = Inter-level travel turns spent in this place as a percentage of turns spent in this place.
 D = Turns resting spent in this place as a percentage of non-inter-level travel turns spent in this place.
 E = Turns spent auto-exploring this place as a percentage of non-inter-level travel turns spent in this place.
 F = Non-inter-level travel turns spent in this place divided by the number of levels of this place that you've seen.
                   A       B       C       D       E      F
               +-------+-------+-------+-------+-------+----------------------
         Total | 100.0 | 100.0 |   2.2 |  31.9 |  46.3 | 1045.0
       Dungeon | 100.0 | 100.0 |   2.2 |  31.9 |  46.3 | 1045.0
               +-------+-------+-------+-------+-------+----------------------

Table legend:
 A = Kills in this place as a percentage of kills in entire the game.
 B = Kills by you in this place as a percentage of kills by you in the entire game.
 C = Kills by friends in this place as a percentage of kills by friends in the entire game.
 D = Other kills in this place as a percentage of other kills in the entire game.
 E = Experience gained in this place as a percentage of experience gained in the entire game.
 F = Experience gained in this place divided by the number of levels of this place that you have seen.
                   A       B       C       D       E      F
               +-------+-------+-------+-------+-------+----------------------
         Total | 100.0 | 100.0 | 100.0 |   N/A | 100.0 |  64.0
       Dungeon | 100.0 | 100.0 | 100.0 |   N/A | 100.0 |  64.0
               +-------+-------+-------+-------+-------+----------------------

Skill      XL: |  1  2  3  4 |
---------------+-------------+-----
Poison Magic   | 1 2 |  2.1
Transmutations | 3 |  3.3
Fighting       | |  1.4
Dodging        | |  1.9
Unarmed Combat | |  3.4
Spellcasting   | |  2.7

Action                   |  1- 3 |  4- 6 || total
-------------------------+-------+-------++-------
Melee: Unarmed           |   131 |    68 ||   199
       Tailslap          |    12 |     5 ||    17
       Headbutt          |     5 |     2 ||     7
       Kick              |     4 |       ||     4
       Punch             |       |     1 ||     1
 Cast: Beastly Appendage |    12 |     4 ||    16
       Sticks to Snakes  |       |     2 ||     2
  Use: Scroll            |     1 |       ||     1
  Eat: Chunk             |     4 |     4 ||     8
Armor: Skin              |    47 |    19 ||    66
Dodge: Dodged            |    54 |    29 ||    83

Vanquished Creatures
  Jessica (D:2)
  3 gnolls
  An adder (D:2)
  2 leopard geckos
  5 giant cockroaches
  6 hobgoblins
  3 jackals (D:1)
  8 kobolds
  2 quokkas
  A ball python (D:1)
  4 bats (D:2)
  3 frilled lizards
  11 goblins
  10 rats
60 creatures vanquished.

Vanquished Creatures (collateral kills)
  An adder (D:3)
1 creature vanquished.

Grand Total: 61 creatures vanquished
